[Event "Titled Tuesday Blitz June 07 Early 2022"]
[White "Jumabayev, Rinat"]
[Black "Andreikin, Dmitry"]
[WhiteFideId "13702661"]
[BlackFideId "4158814"]
[WhiteElo "2561"]
[BlackElo "2736"]
[Result "0-1"]
[Round "08"]
[TimeControl "180+1"]
[Date "2022.06.07"]
[WhiteClock "0:00:01"]
[BlackClock "0:00:14"]

1. e4 c5 2. Nf3 e6 3. c3 Nf6 4. e5 Nd5 5. d4 cxd4 6. cxd4 b6 7. Bc4 Bb7 8. O-O Na6 9. Re1 Nac7 10. Bg5 Be7 11. Bxe7 Nxe7 12. Nc3 O-O 13. Qd3 Rc8 14. Rad1 Ncd5 15. Ng5 Ng6 16. Bxd5 Bxd5 17. Qg3 Bb7 18. d5 Qc7 19. h4 h6 20. Nf3 Qb8 21. Ne4 Bxd5 22. h5 Bxe4 23. Rxe4 Ne7 24. Nh4 Rc5 25. Rxd7 Re8 26. Qf4 Rd5 27. Rxd5 Nxd5 28. Qd2 Rc8 29. Nf3 Qc7 30. Rd4 Qc1+ 31. Kh2 Qb1 32. Qe2 Qf5 33. Ne1 Rc1 34. g3 Qb1 35. Nf3 Rh1+ 36. Kg2 Rxh5 37. Nh2 Qg6 38. Qf3 Rxe5 0-1


[Site "https://www.chess.com"]

[Event "Titled Tuesday Blitz June 07 Early 2022"]
[White "Khamdamova, Afruza"]
[Black "Riehle, Marco"]
[WhiteFideId "14210444"]
[BlackFideId "12904392"]
[WhiteElo "1660"]
[BlackElo "2462"]
[Result "1-0"]
[Round "08"]
[TimeControl "180+1"]
[Date "2022.06.07"]
[WhiteClock "0:01:03"]
[BlackClock "0:00:32"]

1. e4 e5 2. Nf3 Nf6 3. Nxe5 Nxe4 4. Qe2 Qe7 5. Qxe4 d6 6. d4 dxe5 7. dxe5 Nc6 8. f4 Bg4 9. Nc3 O-O-O 10. Be3 Qh4+ 11. g3 Qh5 12. Bg2 Bf5 13. Qa4 Nb4 14. O-O a6 15. Rac1 Qg6 16. a3 Bxc2 17. b3 Nd3 18. Rxc2 Nc5 19. f5 Qb6 20. Qc4 Qxb3 21. Qxb3 Nxb3 22. Nd5 c6 23. Rb1 Kb8 24. Bb6 Rd7 25. e6 fxe6 26. fxe6 Rd6 27. e7 Bxe7 28. Nxe7 Rd3 29. Bf1 Rf3 30. Be2 Rf7 31. Nxc6+ bxc6 32. Rxb3 Kc8 33. Rxc6+ Kd7 34. Rc7+ Ke8 35. Re3+ Kf8 36. Rc8# 1-0


[Site "https://www.chess.com"]

[Event "Titled Tuesday Blitz June 07 Early 2022"]
[White "Korchmar, Vasiliy"]
[Black "Molina, Roberto Junio Brito"]
[WhiteFideId "24131750"]
[BlackFideId "2109450"]
[WhiteElo "2370"]
[BlackElo "2432"]
[Result "1-0"]
[Round "08"]
[TimeControl "180+1"]
[Date "2022.06.07"]
[WhiteClock "0:00:02"]
[BlackClock "0:00:08"]

1. e4 c6 2. d4 d5 3. e5 Bf5 4. c4 e6 5. Nc3 Ne7 6. a3 dxc4 7. Bxc4 Nd7 8. Nge2 Nb6 9. Ba2 Ned5 10. Ng3 Bg6 11. O-O Be7 12. f4 Qd7 13. Nce4 O-O-O 14. Qf3 Nc7 15. Be3 Nb5 16. Rfd1 Kb8 17. Rac1 Nd5 18. Bf2 f6 19. a4 Nbc7 20. Nc5 Qc8 21. Nge4 Rhf8 22. Qg3 Ka8 23. a5 a6 24. Kh1 fxe5 25. fxe5 Rf7 26. Bg1 Rdf8 27. Bc4 Bh5 28. Rd3 Bg6 29. Rb3 Nb5 30. Bxb5 cxb5 31. Nd6 Bxd6 32. exd6 Bf5 33. d7 Qb8 34. Qh4 h6 35. Ra1 Qf4 36. Qe1 Rd8 37. Rxb5 axb5 38. a6 b6 39. Nxe6 Bxe6 40. Qxe6 Rfxd7 41. a7 Qc7 42. h3 Qb7 43. Bh2 Re7 44. Qg6 Rde8 45. Be5 Ne3 46. Rc1 Nc4 47. Bg3 Qd5 48. b3 Na5 49. Qxb6 Nb7 50. Kh2 Rd7 51. Rc6 g5 52. Qa6 h5 53. Qb6 h4 54. Be5 Rxe5 55. Rc8# 1-0


[Site "https://www.chess.com"]

[Event "Titled Tuesday Blitz June 07 Early 2022"]
[White "Kosteniuk, Alexandra"]
[Black "Aitbayev, Aslan"]
[WhiteFideId "4128125"]
[BlackFideId "13704613"]
[WhiteElo "2469"]
[BlackElo "2385"]
[Result "0-1"]
[Round "08"]
[TimeControl "180+1"]
[Date "2022.06.07"]
[WhiteClock "0:00:01"]
[BlackClock "0:00:09"]

1. e4 e6 2. d4 d5 3. Nc3 Bb4 4. e5 c5 5. a3 Bxc3+ 6. bxc3 Ne7 7. h4 Qc7 8. Bd2 b6 9. h5 h6 10. Qg4 Nf5 11. Bd3 O-O 12. Nf3 Nc6 13. Qf4 f6 14. Bxf5 exf5 15. exf6 Qxf4 16. Bxf4 Rxf6 17. Kd2 Re6 18. Be5 Na5 19. Rh4 Nc4+ 20. Kc1 Bd7 21. Rf4 Rf8 22. Kb1 Ba4 23. Rh4 Rc8 24. Ra2 Rce8 25. Kc1 Rc8 26. Rf4 Rf8 27. Rh4 Kh7 28. Rh3 Rc8 29. Rg3 Re7 30. Rg6 Be8 31. Rg3 Bxh5 32. a4 Bxf3 33. Rxf3 Nxe5 34. dxe5 Rxe5 35. Kd2 g6 36. a5 b5 37. a6 Rb8 38. Ra5 Rb6 39. Rd3 Kg7 40. Rh3 h5 41. Rd3 Kf6 42. c4 bxc4 43. Rda3 d4 44. R3a4 c3+ 45. Kd3 Ke6 46. Kc4 Kd6 47. Kd3 g5 48. g3 h4 49. gxh4 gxh4 50. Ra1 h3 51. Rh1 c4+ 52. Kxd4 Rxa5 0-1


[Site "https://www.chess.com"]

[Event "Titled Tuesday Blitz June 07 Early 2022"]
[White "Krysa, Leandro"]
[Black "Makarian, Rudik"]
[WhiteFideId "116807"]
[BlackFideId "44105681"]
[WhiteElo "2490"]
[BlackElo "2398"]
[Result "0-1"]
[Round "08"]
[TimeControl "180+1"]
[Date "2022.06.07"]
[WhiteClock "0:00:04"]
[BlackClock "0:00:32"]

1. e4 d6 2. d4 Nf6 3. Nc3 e5 4. Nf3 Nbd7 5. Bc4 Be7 6. a4 O-O 7. O-O c6 8. Re1 h6 9. Ba2 Re8 10. h3 Qc7 11. Be3 Nf8 12. Qd2 Be6 13. Bxe6 Nxe6 14. d5 Nf8 15. a5 Rec8 16. a6 c5 17. axb7 Qxb7 18. Ra2 Bd8 19. Rea1 Bb6 20. Qe2 Ng6 21. Nd2 Qe7 22. Nc4 Rab8 23. b3 Rb7 24. g3 Qd7 25. Kg2 Nh7 26. h4 Ne7 27. Nxb6 axb6 28. Qb5 Qc7 29. Ra8 f5 30. exf5 Nf6 31. R1a6 Nxf5 32. Qc6 Rxa8 33. Rxa8+ Kh7 34. Qxc7 Rxc7 35. Nb5 Rf7 36. c4 Ng4 37. Bd2 Nd4 38. Nxd4 Rxf2+ 39. Kh3 h5 40. Nf3 Rxf3 41. Be1 Re3 42. b4 Re2 43. Bf2 Rxf2 44. Ra2 Rxa2 0-1


[Site "https://www.chess.com"]

[Event "Titled Tuesday Blitz June 07 Early 2022"]
[White "Lagno, Kateryna"]
[Black "Nesterov, Arseniy"]
[WhiteFideId "14109336"]
[BlackFideId "24198455"]
[WhiteElo "2522"]
[BlackElo "2489"]
[Result "1-0"]
[Round "08"]
[TimeControl "180+1"]
[Date "2022.06.07"]
[WhiteClock "0:00:12"]
[BlackClock "0:01:02"]

1. e4 e5 2. Nf3 Nc6 3. Bb5 a6 4. Ba4 b5 5. Bb3 Na5 6. O-O d6 7. d4 exd4 8. Nxd4 Bb7 9. Re1 c5 10. e5 dxe5 11. Qh5 c4 12. Ne6 Qd5 13. Nc7+ Kd7 14. Nxd5 Bxd5 15. Qxe5 Be6 16. Bf4 Rc8 17. Nc3 Nc6 18. Rad1+ Ke8 19. Qe4 Nf6 20. Qf3 cxb3 21. axb3 Be7 22. Ne4 Kf8 23. Bd6 Bxd6 24. Nxd6 Rc7 25. Ne4 Ne8 26. Ng5 Bc8 27. Nxf7 Rxf7 28. Qxc6 Bb7 29. Qxe8# 1-0


[Site "https://www.chess.com"]

[Event "Titled Tuesday Blitz June 07 Early 2022"]
[White "Martin Carmona, Gaston Manuel"]
[Black "Papasimakopoulos, Alexandros"]
[WhiteFideId "22284567"]
[BlackFideId "4244125"]
[WhiteElo "2162"]
[BlackElo "2340"]
[Result "0-1"]
[Round "08"]
[TimeControl "180+1"]
[Date "2022.06.07"]
[WhiteClock "0:00:01"]
[BlackClock "0:01:14"]

1. d4 f5 2. g3 Nf6 3. Bg2 g6 4. c4 Bg7 5. Nf3 O-O 6. b3 Ne4 7. Bb2 c6 8. O-O d5 9. Nbd2 Be6 10. Qc2 a5 11. Rfd1 Nd7 12. e3 h6 13. Ne1 b5 14. cxb5 cxb5 15. Qc6 Qb6 16. Rac1 Rfc8 17. Qxc8+ Rxc8 18. Rxc8+ Kf7 19. Rc2 a4 20. Nb1 axb3 21. axb3 b4 22. f3 Nd6 23. Nd3 Nb5 24. Nc5 g5 25. Bf1 h5 26. Nxd7 Bxd7 27. Rc5 e6 28. Rdc1 Bf8 29. R5c2 Bd6 30. Bd3 f4 31. Bxb5 Qxb5 32. exf4 gxf4 33. Kg2 fxg3 34. hxg3 Qd3 35. Rf2 Qxb3 36. Re1 Qd3 37. Nd2 Qg6 38. f4 h4 39. Re3 Qg4 40. Kh2 hxg3+ 41. Rxg3 Qh4+ 42. Kg2 Ke7 43. Rgf3 Bb5 44. Nf1 Bxf1+ 45. Kxf1 Qh1+ 46. Ke2 Qb1 47. Ke3 b3 48. Bc3 Ba3 49. f5 Bc1+ 0-1


[Site "https://www.chess.com"]

[Event "Titled Tuesday Blitz June 07 Early 2022"]
[White "Matinian, Nikita"]
[Black "Paravyan, David"]
[WhiteFideId "24129100"]
[BlackFideId "4194985"]
[WhiteElo "2422"]
[BlackElo "2569"]
[Result "1-0"]
[Round "08"]
[TimeControl "180+1"]
[Date "2022.06.07"]
[WhiteClock "0:00:30"]
[BlackClock "0:00:01"]

1. e4 e5 2. Nf3 Nf6 3. Nxe5 d6 4. Nf3 Nxe4 5. Qe2 Qe7 6. d3 Nf6 7. Bg5 Qxe2+ 8. Bxe2 Be7 9. Nc3 c6 10. O-O-O Na6 11. Rde1 Nc7 12. Bd1 Ne6 13. Bd2 Bd7 14. Ng5 h6 15. Nxe6 Bxe6 16. f4 Kd7 17. Rhf1 Bf5 18. Ne4 Rae8 19. Bc3 Rhg8 20. Nxf6+ Bxf6 21. Rxe8 Kxe8 22. Bxf6 gxf6 23. g4 Bd7 24. f5 Kf8 25. Rf4 h5 26. gxh5 Rg2 27. Rh4 Bxf5 28. h6 Kg8 29. Rf4 Be6 30. h4 f5 31. a4 a5 32. b4 b6 33. bxa5 bxa5 34. Bf3 Rf2 35. c4 c5 36. Kd1 Kh7 37. Ke1 Ra2 38. Bc6 Kxh6 39. Rf2 Rxf2 40. Kxf2 Kh5 41. Kg3 f4+ 42. Kxf4 Kxh4 43. Bb5 Kh5 44. d4 Kg6 45. dxc5 dxc5 46. Ke5 Bg4 47. Kd6 f5 48. Kxc5 f4 49. Kb6 f3 50. c5 Kf6 51. Kxa5 Ke7 52. Kb6 f2 53. a5 Bf3 54. a6 Ba8 55. c6 Kd8 56. c7+ Kc8 57. Bf1 Bd5 58. Bh3+ 1-0


[Site "https://www.chess.com"]

[Event "Titled Tuesday Blitz June 07 Early 2022"]
[White "Nakamura, Hikaru"]
[Black "Daneshvar, Bardiya"]
[WhiteFideId "2016192"]
[BlackFideId "12576468"]
[WhiteElo "2850"]
[BlackElo "2303"]
[Result "1-0"]
[Round "08"]
[TimeControl "180+1"]
[Date "2022.06.07"]
[WhiteClock "0:02:04"]
[BlackClock "0:01:38"]

1. Nf3 Nf6 2. b3 d5 3. e3 Bg4 4. Bb2 e6 5. h3 Bh5 6. d3 Nbd7 7. g4 Bg6 8. Nh4 Bd6 9. Nd2 Qe7 10. a3 O-O-O 11. Bg2 Kb8 12. Qe2 Ne8 13. Nxg6 hxg6 14. b4 f5 15. c4 c6 16. Nb3 Be5 17. d4 Bc7 18. c5 e5 19. b5 Ka8 20. a4 Nef6 21. a5 cxb5 22. a6 bxa6 23. Rxa6 Nb8 24. Ra2 e4 25. Kd2 a6 26. Qxb5 Qd7 27. Rxa6+ Nxa6 28. Qxa6+ Kb8 29. c6 Qc8 30. Qb5+ 1-0


[Site "https://www.chess.com"]

[Event "Titled Tuesday Blitz June 07 Early 2022"]
[White "Pires, Marcos Vinicius Torsani"]
[Black "Tanenbaum, Zachary"]
[WhiteFideId "2118939"]
[BlackFideId "2060850"]
[WhiteElo "2273"]
[BlackElo "2175"]
[Result "1-0"]
[Round "08"]
[TimeControl "180+1"]
[Date "2022.06.07"]
[WhiteClock "0:00:14"]
[BlackClock "0:00:04"]

1. d4 d5 2. Bf4 Nf6 3. e3 c5 4. c3 Nc6 5. Nd2 Qb6 6. Qb3 c4 7. Qc2 g6 8. e4 dxe4 9. Bxc4 Bf5 10. Qb3 e6 11. Qxb6 axb6 12. Ne2 Bg7 13. h3 h5 14. O-O O-O 15. Ng3 Rfc8 16. a3 Ne7 17. Ba2 Ned5 18. Bg5 Nh7 19. Be3 Nxe3 20. fxe3 Nf6 21. Nc4 Bh6 22. Rae1 h4 23. Nxf5 gxf5 24. Nxb6 Rd8 25. Nxa8 Rxa8 26. d5 Ra6 27. dxe6 fxe6 28. Rxf5 Kg7 29. Rb5 Rd6 30. Rxb7+ Kg6 31. Re2 Rd1+ 32. Kf2 Nh5 33. g4 Ng3 34. Bxe6 Nxe2 35. Bf5+ Kf6 36. Kxe2 Rh1 37. Rb6+ Kg7 38. Rg6+ Kh7 39. g5 Rh2+ 40. Kd1 Bf8 41. Bxe4 Rxh3 42. Rf6+ Kg7 43. Ra6 Rh2 44. Ra7+ Kh8 45. g6 Bg7 46. Ra8+ Bf8 47. Rxf8+ Kg7 48. Rf7+ Kg8 49. Rh7 h3 50. Bd5+ Kf8 51. g7+ Ke7 52. g8=Q+ Kd6 53. Qe6+ Kc5 54. Rc7+ Kb5 55. Qc6+ Ka5 56. Ra7# 1-0


[Site "https://www.chess.com"]

[Event "Titled Tuesday Blitz June 07 Early 2022"]
[White "Rosen, Eric"]
[Black "Urazayev, Arystanbek"]
[WhiteFideId "2032562"]
[BlackFideId "13709810"]
[WhiteElo "2362"]
[BlackElo "2422"]
[Result "1-0"]
[Round "08"]
[TimeControl "180+1"]
[Date "2022.06.07"]
[WhiteClock "0:00:05"]
[BlackClock "0:00:09"]

1. d4 d5 2. Bf4 e6 3. e3 c5 4. Nf3 Nc6 5. Nbd2 Bd6 6. Bg3 Nge7 7. c3 cxd4 8. exd4 Nf5 9. Bxd6 Qxd6 10. Be2 O-O 11. O-O Bd7 12. Re1 f6 13. Bd3 Rae8 14. Bxf5 exf5 15. Qc2 f4 16. Rxe8 Rxe8 17. Re1 Rxe1+ 18. Nxe1 Qe7 19. Qd1 g5 20. Kf1 Bf5 21. Qe2 Qf7 22. Nd3 Qg6 23. Ne1 a6 24. Nb3 Qf7 25. Nc5 h5 26. Ned3 h4 27. h3 Nd8 28. Ne1 Ne6 29. Nxe6 Bxe6 30. Nf3 Bf5 31. Ke1 Be4 32. Kf1 Qd7 33. Ne1 Kg7 34. f3 Bb1 35. b3 Qc7 36. Qd2 Qa5 37. a4 Qb6 38. Qb2 Bf5 39. Ke2 Bd7 40. Qc2 Qe6+ 41. Kd1 Qe3 42. Qd2 Qe7 43. Nd3 Bf5 44. Nc5 b6 45. Nxa6 Qa3 46. Nb4 Qxb3+ 47. Ke1 Be6 48. Kf2 Qxa4 49. Qe2 Qd7 50. Qd3 Bf5 51. Qa6 Qe6 52. Qa7+ Kg6 53. Qa8 Qe3+ 54. Kf1 Qc1+ 55. Kf2 Be6 56. Qe8+ Bf7 57. Qe1 Qb2+ 58. Kg1 Kg7 59. Kh2 Qb3 60. Kg1 Qc4 61. Kh2 Qc7 62. Kg1 Qd7 63. Kh2 Qe6 64. Qd2 Bg6 65. Kg1 Be8 66. Kf2 Bb5 67. Qe1 Qd7 68. Kg1 Bc4 69. Kh2 Kf7 70. Qb1 Kg8 71. Qg6+ Qg7 72. Qe8+ Kh7 73. Qe6 Kg6 74. Nxd5 Bxd5 75. Qxd5 Qc7 76. c4 Qa7 77. Qg8+ Kh6 78. Qf8+ Kg6 79. Qe8+ Kh6 80. Qh8+ Kg6 81. Qe8+ Kh6 82. Qe6 Kg6 83. Qe4+ Kh6 84. Qf5 Kg7 85. c5 bxc5 86. dxc5 Qa1 87. Qd7+ Kh6 88. Qd6 Kg6 89. Qd3+ Kh6 90. c6 Qe1 91. Qc2 Qg3+ 92. Kg1 Qe1+ 93. Kh2 Qg3+ 94. Kg1 g4 95. fxg4 Qe1+ 96. Kh2 Qg3+ 97. Kg1 Qe1+ 98. Kh2 f3 99. gxf3 Qg3+ 100. Kh1 Qxh3+ 101. Kg1 Qg3+ 102. Kf1 Qxf3+ 103. Ke1 h3 104. c7 Qh1+ 105. Kd2 Qg2+ 106. Kc3 Qg3+ 107. Kb2 Qe5+ 108. Qc3 Qe2+ 109. Kb3 Qb5+ 110. Kc2 Qe2+ 111. Qd2+ Qxd2+ 112. Kxd2 Kg5 113. c8=Q h2 114. Qh8 h1=Q 115. Qxh1 f5 116. gxf5 Kf4 117. f6 Kg4 118. f7 1-0


[Site "https://www.chess.com"]

[Event "Titled Tuesday Blitz June 07 Early 2022"]
[White "Sadhwani, Raunak"]
[Black "Gunina, Valentina"]
[WhiteFideId "35093487"]
[BlackFideId "4167570"]
[WhiteElo "2616"]
[BlackElo "2386"]
[Result "0-1"]
[Round "08"]
[TimeControl "180+1"]
[Date "2022.06.07"]
[WhiteClock "0:00:36"]
[BlackClock "0:00:59"]

1. e4 c6 2. Nf3 d5 3. d3 Bg4 4. h3 Bxf3 5. Qxf3 e6 6. g3 Nd7 7. Bg2 Ngf6 8. Qe2 Qc7 9. O-O Bc5 10. Kh1 h5 11. f4 dxe4 12. dxe4 O-O-O 13. e5 Nd5 14. c4 Ne7 15. Nc3 Nf5 16. Ne4 f6 17. b4 Bd4 18. Nd6+ Qxd6 19. exd6 Nxg3+ 20. Kh2 Nxe2 21. Rb1 e5 22. f5 e4 23. Bb2 Nc3 24. Rbc1 Be5+ 25. Kh1 Nxa2 26. Ra1 Nxb4 27. Bxe5 Nxe5 28. c5 Na6 29. Rxa6 bxa6 30. Bxe4 Kd7 31. Ra1 Rb8 32. Rxa6 Rb7 33. Ra3 Rhb8 34. Rg3 Ke8 35. Re3 Kd8 36. Rg3 a5 37. Ra3 Ra7 0-1


[Site "https://www.chess.com"]

[Event "Titled Tuesday Blitz June 07 Early 2022"]
[White "Santos Ruiz, Miguel"]
[Black "Gong, Patrick"]
[WhiteFideId "22291482"]
[BlackFideId "3222500"]
[WhiteElo "2475"]
[BlackElo "2103"]
[Result "0-1"]
[Round "08"]
[TimeControl "180+1"]
[Date "2022.06.07"]
[WhiteClock "0:00:03"]
[BlackClock "0:00:47"]

1. e4 d6 2. Nc3 Nf6 3. Bc4 g6 4. f4 e6 5. Bb5+ c6 6. Be2 d5 7. e5 Nfd7 8. d4 c5 9. Nf3 Nc6 10. Be3 a6 11. dxc5 Nxc5 12. a3 b5 13. h4 h5 14. Qd2 Bb7 15. b4 Nd7 16. Nd4 Nb6 17. Nxc6 Bxc6 18. Bd4 Nc4 19. Bxc4 dxc4 20. O-O Qxh4 21. a4 Rd8 22. axb5 axb5 23. Qe3 Qg4 24. Ne4 Be7 25. Ra7 Rd7 26. Rxd7 Bxd7 27. Bc5 Bc6 28. Bxe7 Bxe4 29. Qxe4 Kxe7 30. Ra1 Kf8 31. Ra5 Kg7 32. Rxb5 h4 33. Qf3 Qf5 34. Rc5 Qxc2 35. Rc7 h3 36. gxh3 Qc1+ 37. Kg2 Qd2+ 38. Kg3 Qe1+ 39. Kg2 Rd8 40. h4 Rd2+ 41. Kh3 Rd3 0-1


[Site "https://www.chess.com"]

[Event "Titled Tuesday Blitz June 07 Early 2022"]
[White "Sapunov, Evgeny"]
[Black "Martinez Alcantara, Jose Eduardo"]
[WhiteFideId "4126661"]
[BlackFideId "3805662"]
[WhiteElo "2470"]
[BlackElo "2703"]
[Result "0-1"]
[Round "08"]
[TimeControl "180+1"]
[Date "2022.06.07"]
[WhiteClock "0:00:16"]
[BlackClock "0:00:04"]

1. c4 c5 2. Nf3 Nc6 3. Nc3 g6 4. e3 Bg7 5. d4 d6 6. h3 Nf6 7. d5 Nb4 8. e4 O-O 9. a3 Na6 10. Bd3 e5 11. g4 Nc7 12. Bg5 Rb8 13. Qe2 Bd7 14. Nd2 a6 15. a4 a5 16. O-O-O Na6 17. Rdg1 Nb4 18. Bb1 h6 19. Be3 Nh7 20. h4 Kh8 21. b3 Qe7 22. h5 Ng5 23. Nf3 Kg8 24. Nxg5 hxg5 25. Qd2 Bf6 26. f3 Kg7 27. Bd3 Rh8 28. Bf1 Rh6 29. Rh2 Rbh8 30. Rgh1 gxh5 31. gxh5 Kf8 32. Nd1 Qd8 33. Nf2 Be7 34. Kb2 f6 35. Bg2 Qb6 36. Kc1 Na6 37. Qc3 Nb4 38. Qd2 Na6 39. Kc2 Ke8 40. Bh3 Kd8 41. Bxd7 Kxd7 42. Ng4 R6h7 43. h6 Kc8 44. Bf2 Nb4+ 45. Kb1 Na6 46. Qe3 Nb8 47. Be1 Qc7 48. Ka2 Nd7 49. Bd2 Nf8 50. Qe1 b6 51. Ne3 Ng6 52. Nf5 Bf8 53. Qf1 Qd7 54. Qh3 Kc7 55. Qh5 Rg8 56. Qg4 Ne7 57. Ne3 Rgh8 58. Qxd7+ Kxd7 59. Ng4 Ng8 60. Kb1 Ke7 61. Kc2 Kf7 62. Kd3 Kg6 63. Ke2 Nxh6 64. Ne3 Rd7 65. Be1 Rhh7 66. Bf2 Rb7 67. Be1 Rbd7 68. Ng4 Ng8 69. Rxh7 Rxh7 70. Rxh7 Kxh7 71. Ne3 Ne7 72. Kf2 Kg6 73. Kg2 f5 74. Bf2 Bh6 75. Nf1 g4 76. Ng3 gxf3+ 77. Kxf3 f4 78. Ne2 Bg5 79. Nc3 Ng8 80. Nb5 Be7 81. Be1 Nh6 82. Nc7 Nf7 83. Nb5 Ng5+ 84. Ke2 Nxe4 85. Kd3 Ng5 86. Bh4 e4+ 87. Ke2 Kf5 88. Bxg5 Kxg5 89. Na7 Kf5 90. Nc8 f3+ 91. Kf1 Bh4 92. Nxd6+ Kf4 93. Nf7 e3 94. d6 e2+ 0-1


[Site "https://www.chess.com"]

[Event "Titled Tuesday Blitz June 07 Early 2022"]
[White "Sarana, Alexey"]
[Black "Svane, Rasmus"]
[WhiteFideId "24133795"]
[BlackFideId "4657101"]
[WhiteElo "2666"]
[BlackElo "2674"]
[Result "1-0"]
[Round "08"]
[TimeControl "180+1"]
[Date "2022.06.07"]
[WhiteClock "0:01:06"]
[BlackClock "0:00:01"]

1. d4 Nf6 2. c4 e6 3. Nc3 Bb4 4. e3 O-O 5. Bd3 d5 6. a3 Bxc3+ 7. bxc3 dxc4 8. Bxc4 c5 9. Ne2 Qc7 10. Bd3 e5 11. O-O Nc6 12. Ng3 Rd8 13. f4 exd4 14. cxd4 cxd4 15. e4 Bg4 16. Qc2 Nh5 17. Nxh5 Bxh5 18. e5 h6 19. Bd2 Rac8 20. Rac1 Qe7 21. Qb3 b6 22. h3 Kh8 23. Rce1 Na5 24. Qa2 Qe6 25. Qb1 Nc4 26. Bc1 Ne3 27. Bxe3 dxe3 28. Bf5 e2 29. Bxe6 exf1=Q+ 30. Rxf1 fxe6 31. f5 exf5 32. Qxf5 Be2 33. Re1 Bd3 34. Qf7 a6 35. e6 Bc4 36. Qb7 b5 37. e7 Re8 38. Qxc8 Rxc8 39. e8=Q+ Rxe8 40. Rxe8+ Kh7 41. Ra8 g5 42. Rxa6 Kg7 43. Kf2 h5 44. g3 h4 45. g4 Kf7 46. Rc6 Bd3 47. Rc5 Kf6 48. Ke3 Bf1 49. Rf5+ 1-0


[Site "https://www.chess.com"]

[Event "Titled Tuesday Blitz June 07 Early 2022"]
[White "Shimelkov, Vasiliy"]
[Black "Rustemov, Alexander"]
[WhiteFideId "13701630"]
[BlackFideId "4119002"]
[WhiteElo "2073"]
[BlackElo "2783"]
[Result "0-1"]
[Round "08"]
[TimeControl "180+1"]
[Date "2022.06.07"]
[WhiteClock "0:00:04"]
[BlackClock "0:00:46"]

1. d4 f5 2. c4 Nf6 3. g3 g6 4. Bg2 Bg7 5. Nh3 Nc6 6. O-O d6 7. d5 Ne5 8. Nc3 O-O 9. b3 c5 10. Bb2 a6 11. Qc2 Rb8 12. a4 b6 13. Nf4 Bd7 14. e4 Ne8 15. Rfe1 Nc7 16. Nd3 b5 17. Nxe5 Bxe5 18. axb5 axb5 19. Nxb5 Bxb2 20. Qxb2 Bxb5 21. cxb5 Nxb5 22. exf5 Rxf5 23. Bh3 Rf6 24. Re3 Nd4 25. Rae1 Rb7 26. Be6+ Kg7 27. Bg4 Qf8 28. f4 Qf7 29. Be6 Qe8 30. Bg4 h5 31. Bh3 Kf8 32. Rd1 Qb5 33. Rde1 Qb4 34. Bg2 Kf7 35. Re4 Qxb3 36. Qxb3 Rxb3 37. Rxe7+ Kg8 38. Re8+ Rf8 39. R8e7 Rf7 40. Re8+ Kg7 41. Be4 Rc7 42. Rd8 Rb6 43. Bd3 c4 44. Be4 c3 45. Ra1 c2 46. Rc1 Rb1 0-1


[Site "https://www.chess.com"]

[Event "Titled Tuesday Blitz June 07 Early 2022"]
[White "Slugin, Sergey"]
[Black "Morefield, Jason"]
[WhiteFideId "4122569"]
[BlackFideId "30920825"]
[WhiteElo "2358"]
[BlackElo "2171"]
[Result "1/2-1/2"]
[Round "08"]
[TimeControl "180+1"]
[Date "2022.06.07"]
[WhiteClock "0:00:06"]
[BlackClock "0:00:03"]

1. c4 Nf6 2. Nc3 b6 3. d4 Bb7 4. Qc2 d5 5. cxd5 Nxd5 6. e4 Nxc3 7. bxc3 g6 8. Nf3 Bg7 9. h4 h6 10. Bb5+ c6 11. Be2 O-O 12. Be3 Nd7 13. e5 e6 14. h5 g5 15. Nxg5 hxg5 16. h6 Bh8 17. Rh5 f5 18. exf6 Bxf6 19. Rxg5+ Kh8 20. Rg6 Qe7 21. O-O-O Rg8 22. Rg7 Bxg7 23. hxg7+ Rxg7 24. Bh6 Kg8 25. Bxg7 Qxg7 26. Rd3 Kf8 27. Rg3 Qh6+ 28. Kb1 Ke7 29. Rh3 Qf4 30. Rh7+ Kd6 31. Bf3 Rd8 32. Qg6 Qf5+ 33. Qxf5 exf5 34. Rh6+ Kc7 35. Rh7 c5 36. Bxb7 Kxb7 37. Rf7 cxd4 38. cxd4 Kc6 39. Rxf5 Re8 40. Kc2 Re2+ 41. Kb3 b5 42. g4 a5 43. g5 a4+ 44. Ka3 Nb6 45. Rc5+ Kd6 46. Rxb5 Nd5 47. Rc5 Rxf2 48. Kxa4 Rxa2+ 49. Kb3 Rg2 50. Kc4 Rxg5 51. Kd3 Nf4+ 52. Ke4 Rxc5 53. dxc5+ Kxc5 1/2-1/2


[Site "https://www.chess.com"]

[Event "Titled Tuesday Blitz June 07 Early 2022"]
[White "Stribuk, Artiom"]
[Black "Volkov, Maksim"]
[WhiteFideId "13515659"]
[BlackFideId "54123070"]
[WhiteElo "2259"]
[BlackElo "2155"]
[Result "0-1"]
[Round "08"]
[TimeControl "180+1"]
[Date "2022.06.07"]
[WhiteClock "0:00:08"]
[BlackClock "0:00:24"]

1. d4 d5 2. c4 e6 3. Nc3 c6 4. g3 Nf6 5. Bg2 dxc4 6. Nf3 b5 7. Ne5 Nd5 8. O-O Bb7 9. e4 Nxc3 10. bxc3 Nd7 11. Bf4 Be7 12. Qg4 g5 13. Qh5 Nxe5 14. Bxe5 Bf6 15. f4 Bxe5 16. fxe5 Qe7 17. Rf6 h6 18. Raf1 Rh7 19. Rxh6 Rxh6 20. Qxh6 O-O-O 21. Qf6 Qa3 22. Qxf7 Qxc3 23. Qxe6+ Kb8 24. d5 cxd5 25. exd5 Qd4+ 26. Rf2 Bxd5 27. Bxd5 Qxd5 28. Qxd5 Rxd5 29. Re2 Kc7 30. Kf2 b4 31. Kf3 c3 32. h4 gxh4 33. gxh4 Kd7 34. h5 Ke6 35. h6 Rd7 36. Kg4 a5 37. Kg5 a4 38. Re4 c2 39. Rc4 b3 40. axb3 axb3 41. Kg6 b2 42. Rc6+ Kxe5 0-1


[Site "https://www.chess.com"]

[Event "Titled Tuesday Blitz June 07 Early 2022"]
[White "Suleymanli, Aydin"]
[Black "Sjugirov, Sanan"]
[WhiteFideId "13413937"]
[BlackFideId "4189302"]
[WhiteElo "2481"]
[BlackElo "2602"]
[Result "1-0"]
[Round "08"]
[TimeControl "180+1"]
[Date "2022.06.07"]
[WhiteClock "0:00:12"]
[BlackClock "0:00:02"]

1. Nf3 d5 2. e3 Nf6 3. c4 e6 4. b3 c5 5. Bb2 Nc6 6. g3 d4 7. exd4 cxd4 8. Bg2 e5 9. O-O Bd6 10. d3 O-O 11. Nh4 a5 12. a3 Bg4 13. Qc2 Nd7 14. Nd2 Rc8 15. Rae1 Re8 16. Bd5 Bh3 17. Bg2 Bxg2 18. Kxg2 Bf8 19. f4 exf4 20. Rxe8 Qxe8 21. Rxf4 Nc5 22. Ne4 b6 23. Nf5 Nxe4 24. Rxe4 Qd7 25. Nxd4 f5 26. Rf4 Bd6 27. Rf1 Nxd4 28. Bxd4 Bxa3 29. Ba1 Bc5 30. d4 Bxd4 31. Bxd4 Qxd4 32. Qxf5 Qc5 33. Qe6+ Kh8 34. Rf5 Qc6+ 35. Qxc6 Rxc6 36. Rf8# 1-0


[Site "https://www.chess.com"]

[Event "Titled Tuesday Blitz June 07 Early 2022"]
[White "Svane, Frederik"]
[Black "Lazavik, Denis"]
[WhiteFideId "12923044"]
[BlackFideId "13515110"]
[WhiteElo "2459"]
[BlackElo "2437"]
[Result "1/2-1/2"]
[Round "08"]
[TimeControl "180+1"]
[Date "2022.06.07"]
[WhiteClock "0:00:08"]
[BlackClock "0:00:07"]

1. e4 e5 2. Nf3 Nc6 3. Nc3 Nf6 4. Bb5 Nd4 5. O-O Nxb5 6. Nxb5 c6 7. Nc3 d6 8. d4 Qc7 9. Bg5 Be7 10. Re1 O-O 11. h3 b5 12. a3 a5 13. d5 Bb7 14. Bxf6 Bxf6 15. dxc6 Bxc6 16. Qd3 b4 17. axb4 axb4 18. Rxa8 Rxa8 19. Nd5 Bxd5 20. Qxd5 Rc8 21. Re2 Qc4 22. Qxc4 Rxc4 23. b3 Rc8 24. Ne1 Kf8 25. Nd3 Rb8 26. Nb2 Ke7 27. Nc4 Ke6 28. Ne3 Bd8 29. Nd5 Bb6 30. Nxb4 Bxf2+ 31. Kxf2 Rxb4 32. Ke3 f5 33. exf5+ Kxf5 34. Rf2+ Ke6 35. Rf8 d5 36. Rg8 Rb7 37. Re8+ Kf6 38. Rd8 Ke6 39. Re8+ Kf6 40. Rc8 h5 41. Rh8 g6 42. Rd8 Rc7 43. Rxd5 Rxc2 44. Rd2 Rc3+ 45. Rd3 Rc2 46. Kf3 h4 47. Re3 Kf5 48. Re2 Rc3+ 49. Re3 Rc1 50. Kf2 e4 51. Re2 Rb1 52. Rc2 Kf4 53. Rc3 Rb2+ 54. Kf1 g5 55. Kg1 g4 56. hxg4 e3 57. Kf1 Rf2+ 58. Kg1 Rb2 59. Kf1 Ra2 60. b4 Rb2 61. g5 Rb1+ 62. Ke2 Rb2+ 63. Kf1 Rxb4 64. g6 Rb7 65. Rc4+ Kg3 66. Re4 Rg7 67. Rxe3+ Kf4 68. Re6 Kg5 69. Rc6 Rxg6 70. Rxg6+ Kxg6 71. Kg1 Kh5 72. Kh2 Kg5 73. Kh3 Kh5 74. g3 hxg3 75. Kxg3 1/2-1/2


[Site "https://www.chess.com"]